 Dungeon Crawl Stone Soup version 0.31.0-11-ge490571c62 (webtiles) character file.

Game seed: 10041166390606596681

10 Destinykillz the Shield-Bearer (level 2, -5/29 HPs)
             Began as a Troll Fighter on Feb 3, 2024.
             Slain by a gnoll
             ... wielding a +0 spear
              (7 damage)
             ... on level 2 of the Dungeon.
             The game lasted 00:01:10 (576 turns).

Destinykillz the Shield-Bearer (Troll Fighter)       Turns: 576, Time: 00:01:11

Health: -5/29      AC:  4    Str: 23    XL:     2   Next: 10%
Magic:  1/1        EV:  4    Int:  4    God:
Gold:   48         SH:  0    Dex:  9    Spells: 1/1 levels left

rFire   . .          .
                       - Unarmed
rCold   . . .        b - +0 kite shield
rNeg    . . .        a - +0 robe
rPois   .            (helmet restricted)
rElec   .            (no cloak)
rCorr   .            (gloves unavailable)
SInv    .            (boots unavailable)
Will    .....        (no amulet)
Stlth   +            (no ring)
HPRegen 1.04/turn    (no ring)
MPRegen 0.07/turn

%: no passive effects
@: mighty, held
A: large, unfitting armour, claws 3, regeneration 1, shaggy fur 1, tough skin 1
a: no special abilities


You were on level 2 of the Dungeon.
You visited 1 branch of the dungeon, and saw 2 of its levels.

You collected 48 gold pieces.

Inventory:

Hand Weapons
 i - a +3 spear
Armour
 a - a +0 robe (worn)
 b - a +0 kite shield (worn)
Talismans
 e - a flux talisman
Scrolls
 d - a scroll of blinking {unknown}
 f - a scroll of identify {unknown}
 h - a scroll of immolation {unknown}
 j - a scroll of vulnerability {unknown}
 l - a scroll of revelation {unknown}
 n - a scroll of enchant weapon {unknown}
 o - a scroll of teleportation {unknown}
Potions
 g - a potion of curing {unknown}
 k - a potion of mutation {unknown}
 m - a potion of resistance {unknown}


   Skills:
 + Level 2.5 Fighting
 + Level 2.5 Dodging
 * Level 2.9 Shields
 * Level 2.3 Unarmed Combat


You had one spell level left.
You didn't know any spells.
Your spell library was empty.

Dungeon Overview and Level Annotations

Branches:
Dungeon (2/15)

Altars:


Innate Abilities, Weirdness & Mutations

You are too large for most types of armour.
You have claws for hands.
Your natural rate of healing is unusually fast.
You are covered in fur. (AC +1)
You have tough skin. (AC +1)


Message History

Found a stone.
Found an escape hatch in the floor.
You see here a stone.
There is an escape hatch in the floor here.
A hobgoblin comes into view.
You scratch the hobgoblin.
The hobgoblin is heavily wounded.
You block the hobgoblin's attack.
You barely miss the hobgoblin.
The hobgoblin is heavily wounded.
The hobgoblin barely misses you.
You scratch the hobgoblin.
You kill the hobgoblin!
You see here a hobgoblin corpse.
A gnoll comes into view.
It is wielding a +0 halberd and quivering a throwing net.
The gnoll shouts!
You hear a shout!
A gnoll comes into view. It is wielding a +0 halberd.
A gnoll comes into view. It is wielding a +0 spear.
Unknown command.
Found a murky pink potion and a ring mail.
You see here a murky pink potion.
You feel very mighty all of a sudden. The gnoll hits you with a +0 spear!
You claw the gnoll!
The gnoll is almost dead.
The gnoll throws a throwing net.
The throwing net hits you.
You become entangled in the net!
The gnoll hits you with a +0 spear.
You are held in a net!
You are held in a net!
You struggle against the net.
The gnoll hits you with a +0 spear.
The gnoll hits you from afar with a +0 halberd.
You struggle against the net.
The gnoll hits you from afar with a +0 halberd.
The gnoll hits you with a +0 spear.
* * * LOW HITPOINT WARNING * * *
You struggle against the net.
The gnoll hits you from afar with a +0 halberd.
* * * LOW HITPOINT WARNING * * *
The gnoll hits you with a +0 spear!
You die...

##### #[g!# g###
#.#.###### ##
gg..g. #.@.#.. ..
..g#####g#.# .
###..!#...#.### .
#.#.#.....# #
####...#.....###. #
...................
##
########.......##
.###.# #.......#
.....# #...#####


You could see 2 gnolls.

Vanquished Creatures
  A dart slug (D:1)
  A ball python (D:1)
  A bat (D:1)
  A hobgoblin (D:2)
  A quokka (D:1)
  A goblin (D:1)
  A kobold (D:1)
  A rat (D:1)
8 creatures vanquished.

Notes
Turn   | Place    | Note
-------+----------+-------------------------------------------
     0 | D:1      | Destinykillz the Troll Fighter began the quest for the Orb.
     0 | D:1      | Reached XP level 1. HP: 22/22 MP: 0/0
   340 | D:1      | Reached XP level 2. HP: 29/29 MP: 1/1
   576 | D:2      | Slain by a gnoll

Illustrated notes

Levels and vault maps discovered:
D:1:      dreamdust_arrival_sigmund_warning, layout_rooms,
          kennysheep_minor_cross
D:2:      layout_loops_ring, serial_shops, shop, columned_hall_lemuel,
          nicolae_concentric_dashed_squares_mild, uniq_natasha

Action                     || total
---------------------------++-------
  Melee: Unarmed           ||    17
    Use: Potion            ||     1
 Armour: Robe              ||    15
  Dodge: Dodged            ||     3
  Block: Kite shield       ||     2
